 Dungeon Crawl Stone Soup version 0.25-a0-781-gc44aebf4fe (webtiles) character file.

Game seed: 2578442883711485279, levelgen mode: deterministic

392 Maedhros the Sneak (level 6, 0/57 HPs)
             Began as an Octopode Artificer on Apr 15, 2020.
             Was a Believer of Cheibriados.
             Succumbed to a worker ant's poison
             ... on level 4 of the Dungeon.
             The game lasted 00:04:20 (3185 turns).

Maedhros the Sneak (Octopode Artificer)             Turns: 3185, Time: 00:04:20

Health: 0/57       AC:  1    Str: 15    XL:     6   Next: 81%
Magic:  8/8        EV: 14    Int: 17    God:    Cheibriados [**....]
Gold:   173        SH:  0    Dex: 19    Spells: 5/5 levels left

rFire    . . .     SeeInvis .   a - +0 short sword
rCold    . . .     Gourm    .   (no shield)
rNeg     + . .     Faith    .   (helmet restricted)
rPois    .         Spirit   .   q - amulet of magic regeneration
rElec    .         Reflect  .   m - ring of positive energy
rCorr    .         Harm     .   (no ring)
MR       .....                  (no ring)
Stlth    ..........             (no ring)
HPRegen  0.19/turn              (no ring)
MPRegen  0.36/turn              (no ring)
                                (no ring)
                                (no ring)

@: berserking (expiring), lethally poisoned (0 -> -11), very slow
A: almost no armour, stealthy swim, amphibious, 8 rings, constrict 8, camouflage
1, gelatinous body 1
a: Bend Time, Renounce Religion


You were on level 4 of the Dungeon.
You worshipped Cheibriados.
Cheibriados was pleased with you.
You were not hungry.

You visited 1 branch of the dungeon, and saw 4 of its levels.

You collected 173 gold pieces.

Inventory:

Hand Weapons
 a - a +0 short sword (weapon)
Jewellery
 m - a ring of positive energy (left tentacle)
 q - an amulet of magic regeneration (around mantle)
Wands
 b - a wand of flame (20)
 c - a wand of enslavement (8)
 d - a wand of random effects (13)
Scrolls
 g - 2 scrolls of remove curse
 h - a scroll of teleportation
 j - a scroll of identify
 l - a scroll of fear {unknown}
 o - 2 scrolls of fog {unknown}
Potions
 e - a potion of flight {unknown}
 n - a potion of berserk rage
 p - a potion of brilliance {unknown}
Comestibles
 f - 7 rations
 k - 3 chunks of flesh


   Skills:
 - Level 1.0 Fighting
 - Level 1.0 Short Blades
 - Level 2.0 Dodging
 + Level 5.5 Stealth
 * Level 5.4 Unarmed Combat
 - Level 3.2 Evocations


You had 5 spell levels left.
You didn't know any spells.
Your spell library was empty.

Dungeon Overview and Level Annotations

Branches:
Dungeon (4/15)
 Temple: D:4-7

Altars:
Cheibriados
Dithmenos
Gozag
Hepliaklqana
Qazlal
Trog
Vehumet


Innate Abilities, Weirdness & Mutations

You cannot wear most types of armour.
You are very stealthy in the water. (Stealth+)
You are amphibious.
You can wear up to eight rings at the same time.
You can use your tentacles to constrict eight enemies at once.
Your skin changes colour to match your surroundings (Stealth+).
Your rubbery body absorbs attacks. (AC +1, EV +1)


Message History

You are poisoned.
The worker ant poisons you! The leopard gecko closely misses you.
You puncture the leopard gecko!
You kill the leopard gecko!
Cheibriados thoroughly appreciates the change of pace.
You constrict the worker ant, but do no damage.
You feel sick. The worker ant bites you.
* * * LOW HITPOINT WARNING * * *
You are more poisoned.
The worker ant poisons you!
You barely miss the worker ant. You tentacle-slap the worker ant.
You kill the worker ant!
Cheibriados thoroughly appreciates the change of pace.
* * * LOW HITPOINT WARNING * * *
You feel sick.
A slave comes into view.
You are too berserk!
You are too berserk!
Okay, then.
You die...

# . ?.p.... .. .
.....p..# ##.## .
.........####....# .
................)? .
............≈..... .
.......≈≈...≈≈... .
#.....≈≈≈≈..≈≈..# .
#..p≈@≈≈≈≈≈≈..# .
######.≈≈≈≈≈≈≈≈≈..##
.
....!J...≈≈_⌠≈≈≈...#
.
.........≈≈>.≈≈....#
.
....<....≈≈≈≈≈≈....#
.
.##.#....≈≈≈≈≈≈.?..#
...
.......≈≈≈≈≈......#
...
##.........≈≈......#
...
###.......≈.......#


You could see 3 slaves and a jelly.

Vanquished Creatures
  A phantom (D:4)
  A bullfrog skeleton (D:4)
  2 orc priests (D:4)
  A centaur skeleton (D:4)
  2 worker ants
  2 adders (D:2)
  4 oozes
  2 worms (D:3)
  A dart slug (D:2)
  4 leopard geckos
  4 orcs
  2 ball pythons
  3 giant cockroaches
  9 goblins
  3 hobgoblins
  2 jackals (D:3)
  2 quokkas
  4 bats
  3 frilled lizards
  13 kobolds
  3 rats
68 creatures vanquished.

Vanquished Creatures (collateral kills)
  2 orc wizards (D:4)
  A worm (D:2)
  2 orcs (D:4)
  A giant cockroach (D:3)
  A goblin (D:2)
  A rat (D:2)
8 creatures vanquished.

Grand Total: 76 creatures vanquished

Notes
Turn   | Place    | Note
-------+----------+-------------------------------------------
     0 | D:1      | Maedhros the Octopode Artificer began the quest for the
                  | Orb.
     0 | D:1      | Reached XP level 1. HP: 13/13 MP: 3/3
    64 | D:2      | Reached skill level 1 in Unarmed Combat
    66 | D:2      | Reached XP level 2. HP: 14/18 MP: 4/4
   480 | D:2      | Reached XP level 3. HP: 14/23 MP: 5/5
   591 | D:3      | Reached XP level 4. HP: 6/28 MP: 6/6
   942 | D:3      | Found a hazy altar of Hepliaklqana.
  1115 | D:3      | Found a snail-covered altar of Cheibriados.
  1149 | D:3      | Became a worshipper of Cheibriados the Contemplative
  1171 | D:2      | Found a shadowy altar of Dithmenos.
  1755 | D:2      | Reached * piety under Cheibriados
  1842 | D:2      | Found a bloodstained altar of Trog.
  1866 | D:2      | Reached XP level 5. HP: 28/33 MP: 7/7
  2812 | D:4      | Found a radiant altar of Vehumet.
  3046 | D:4      | Reached XP level 6. HP: 20/38 MP: 8/8
  3146 | D:4      | Found an opulent altar of Gozag.
  3155 | D:4      | Noticed a phantom
  3158 | D:4      | Found a stormy altar of Qazlal.
  3167 | D:4      | Reached skill level 5 in Stealth
  3177 | D:4      | Noticed a slave
  3179 | D:4      | Killed a phantom
  3179 | D:4      | Reached ** piety under Cheibriados
  3179 | D:4      | Reached skill level 5 in Unarmed Combat
  3183 | D:4      | HP: 2/57 [worker ant (3)]
  3184 | D:4      | Noticed a slave
  3185 | D:4      | Noticed a slave
  3185 | D:4      | Succumbed to a worker ant's poison

Levels and vault maps discovered:
D:1:      psy_arrival_radial01, layout_basic
D:2:      layout_rooms, grunt_dithmenos_smoke_and_mirrors,
          overflow_temple_1_default, chequers_serial_rivers_room_b
D:3:      layout_loops_corners, lemuel_doored_altar, cheibriados_altar_1
D:4:      layout_rooms, vehumet_altar_wand_db, nicolae_qazlal_general_emergency,
          nicolae_gozag_cash_rules_everything_around_me, first_ration,
          nicolae_xom_altar_mimics, uniq_pikel

Skill      XL: |  1  2  3  4  5  6 |
---------------+-------------------+-----
Unarmed Combat | 1 2 3 4 5 |  5.4
Stealth        | 2 3 4 5 |  5.5
Fighting       | |  1.0
Short Blades   | |  1.0
Dodging        | |  2.0
Evocations     | |  3.2

Action                   |  1- 3 |  4- 6 || total
-------------------------+-------+-------++-------
Melee: Short sword       |    42 |    99 ||   141
       Constrict         |    10 |    32 ||    42
       Tentacles         |     6 |    23 ||    29
       Punch             |       |     6 ||     6
Evoke: Wand              |     6 |    13 ||    19
  Use: Potion            |     2 |     4 ||     6
       Scroll            |     1 |     3 ||     4
 Stab: Sleeping          |     1 |     4 ||     5
  Eat: Chunk             |       |     5 ||     5
Armor: Skin              |     2 |     3 ||     5
Dodge: Dodged            |    26 |    76 ||   102

Table legend:
 A = Non-vault XP
 B = Vault XP
 C = Vault XP percentage of total XP
 D = Non-vault monster count
 E = Vault monster count
 F = Vault count percentage of total count
                 A         B        C        D         E       F
            +---------+---------+-------+---------+---------+-------
      Total |     550 |      11 |   2.0 |      75 |       1 |   1.3
            +---------+---------+-------+---------+---------+-------
        D:1 |      24 |       0 |   0.0 |      14 |       0 |   0.0
        D:2 |      69 |       0 |   0.0 |      26 |       0 |   0.0
        D:3 |      94 |       0 |   0.0 |      23 |       0 |   0.0
        D:4 |     363 |      11 |   2.9 |      12 |       1 |   7.7
            +---------+---------+-------+---------+---------+-------
